← All builds
Pond / Armada / Economy first / OBSERVED BUILD

Standard pond

Standard Pond play: fast Bot Lab and early boosting into Advanced Metal Extractor, sending Tick/Pawn/Blitz to front while tidal-boosting allies throughout.

#eco #team support · 485 distinct matches · 107 players · 59% of Armada Pond games · team won 50% of 552 · Recently observed

HOW TO PLAY IT

Key timing: Bot Lab by 5:42

  1. Open tidal, then wind to start boosting front's economy.
  2. Take mex and keep boosting wind or tidal depending on front's needs.
  3. Get a Bot Lab up, start sending Tick and Pawn to front.
  4. Add Advanced Metal Extractor to scale up team's economy.
  5. Switch to tick spam if enemy reaches T2 front before you do.

Phase by phase

TYPICAL OF ITS 485 GAMES
  1. 1
  2. 2
PLAY THE OPENING

Follow the example game's first 6:00 step by step: what to build now, what comes next, and where it goes. At 1× it keeps pace with your own game.

  1. 1

    Up to the Bot Lab

    Economy
    • Metal Extractor4Mex
    • Wind Turbine10Wind
    • Tidal Generator8Tidalfor allies
    • Tidal Generator1Tidal
    • Energy Storage1Energy storage
    Order
    1. Bot LabBot Lab after 4 mex, 10 wind, 1 energy storagedone ~5:36, middle half 3:31–7:00

    Some games also: converter (45%)

    By 5:05 in all: 4 mex · 10 wind · 1 tidal · 1 energy storage

    The example game in this phase · 8 steps
    1. Tidal ×8for Suicide front
    2. Mex ×4
    3. Wind ×8
    4. Energy storage ×2
    5. Wind ×4
    6. Converter ×4
    7. Wind ×2
    8. Bot LabBot Labdone 5:21 · typical 5:36
  2. 2

    Bot Lab to 10:00

    Economy
    • Wind Turbine16Wind
    Builders
    • Construction Turret1 Con turret
    • Construction Bot2 Con bot
    Army
    • Tick1 Tick

    Some games also: Lazarus (48%) · converter (45%)

    By 10:00 in all: 4 mex · 31 wind · 1 tidal · 5 converter · 1 energy storage · 2 con turret

    The example game in this phase · 88 steps
    1. LazarusLazarus ×5
    2. Construction BotCon bot ×5
    3. Con turret
    4. Construction BotCon bot
    5. LazarusLazarus ×2
    6. Con turret
    7. LazarusLazarus ×2
    8. Wind ×4
    9. LazarusLazarus
    10. Wind ×2
    11. LazarusLazarus
    12. Wind ×2
    13. LazarusLazarus
    14. Wind ×3
    15. LazarusLazarus
    16. Con turret
    17. Wind ×10
    18. Advanced Metal ExtractorT2 mexdone 10:35 · typical 9:54
    19. Wind ×7
    20. Con turret
    21. Wind ×8
    22. Advanced Metal ExtractorT2 mex
    23. Wind
    24. LazarusLazarus
    25. Wind ×6
    26. Advanced Metal ExtractorT2 mex
    27. Wind ×4
    28. Con turret
    29. Wind ×2
    30. Con turret
    31. Wind ×3
    32. Advanced Metal ExtractorT2 mex
    33. Wind ×5
    34. Converter
    35. Wind
    36. Advanced Bot LabAdvanced Bot Labdone 13:04
    37. Converter
    38. Wind ×3
    39. Converter
    40. Wind ×2
    41. Converter
    42. Wind
    43. Converter
    44. Wind
    45. Converter
    46. Wind ×2
    47. Converter
    48. Wind
    49. Converter
    50. Wind ×4
    51. WelderWelder
    52. Wind ×2
    53. WelderWelder
    54. Wind ×2
    55. WelderWelder
    56. Converter
    57. Wind ×2
    58. WelderWelder
    59. Wind
    60. Converter
    61. WelderWelder
    62. Wind
    63. Converter
    64. Wind
    65. WelderWelder
    66. JunoJuno
    67. Wind ×2
    68. WelderWelder
    69. Wind ×3
    70. Converter
    71. Energy storage
    72. Wind
    73. SprinterSprinter
    74. Wind
    75. SprinterSprinter
    76. Con turret
    77. SprinterSprinter ×2
    78. Wind ×2
    79. Con turret
    80. SprinterSprinter
    81. Wind
    82. SprinterSprinter
    83. Wind
    84. Con turret
    85. Wind
    86. SprinterSprinter
    87. Con turret
    88. Wind

Counts are medians over the build's games: half of them build more, half fewer. The example game is SauceDispenser's (36 OS, 27/09/2026); pick another.

Team trades

IN AT LEAST 30% OF ITS GAMES

You hand over

  • Tidal Generator8 Tidal to Suicide front or Frontfirst at 0:10 · in 90% of games

You get

  • Hercules1 Light transport from Air or Techfirst at 4:28 · in 31% of games
  • Hephaestus1 Heavy transport from Air or Techfirst at 4:44 · in 39% of games
  • Fatboy1 Fatboy from Techfirst at 5:03 · in 40% of games
  • Sharpshooter2 Sniper bot from Techfirst at 5:16 · in 42% of games
  • Advanced Construction Bot1 T2 con bot from Techfirst at 8:18 · in 92% of games

How it plays out

Typical game of this build, running totals by minute

Metal produced

010k20k
0:005:0010:0015:00

metal

Enemy metal destroyed

02k4k6k
0:005:0010:0015:00

metal

Own metal lost

02k4k
0:005:0010:0015:00

metal

552 games.

Show as table
ByMetal produced: This buildEnemy metal destroyed: This buildOwn metal lost: This build
1:0011500
2:0027300
3:0082000
4:00151000
5:00223100
6:00298400
7:0038434600
8:0047571245139
9:0057151971377
10:0069002791714
11:00838032701148
12:001035735821584
13:001262341971941
14:001497747652420
15:001762253213019
WHAT THE NUMBERS SAY

This is the role's standard support job, winning slightly under half its games while contributing modest kills for modest losses.

  • + Keeps own losses fairly low relative to kills (2827 destroyed vs 756 lost by 10:00).
  • + Reaches T2 constructor reliably (89% of games) by 8:10.
  • − Metal production trails other roles at 6855 by 10:00.
  • − No kills registered by 5:00, slow to impact the fight.
THE EXAMPLE YOU ARE READING

SauceDispenser

35.7 OS · 27/09/2026

Open source match ↗

3 received units · includes a constructor
225 metal received · 88759 energy received

Allied construction assistance is unknown. Timings are observations, not a promise of solo reproducibility.

Typical milestones

Bot Lab5:36Middle 50%: 3:31–7:00 · n=496
Advanced Metal Extractor9:54Middle 50%: 8:59–10:38 · n=500

Played most by

Viltrum44games of this buildTeaner38games of this buildUsurpeR27games of this buildzeus_on_god23games of this buildRogShotz20games of this build